 Dungeon Crawl Stone Soup version 0.28.0-45-g0d030f2227 (webtiles) character file.

Game seed: 7989305382986822736

41 Romesagentofchaos the Bolt Thrower (level 3, 0/30 HPs)
             Began as a Hill Orc Hunter on Apr 15, 2022.
             Slain by Robin
             ... wielding a +0 spear
              (5 damage)
             ... on level 2 of the Dungeon.
             The game lasted 00:04:36 (804 turns).

Romesagentofchaos the Bolt Thrower (Hill Orc Hunter) Turns: 804, Time: 00:04:37

Health: 0/30       AC:  3    Str: 14    XL:     3   Next: 52%
Magic:  3/3        EV: 11    Int: 11    God:
Gold:   64         SH:  0    Dex: 13    Spells: 2/2 levels left

rFire   + . .      SeeInvis .   b - +0 short sword
rCold   . . .      Faith    .   (no shield)
rNeg    . . .      Spirit   .   f - +0 leather armour {rF+}
rPois   .          Reflect  .   (no helmet)
rElec   .          Harm     .   (no cloak)
rCorr   +          Rampage  .   (no gloves)
Will    .....                   (no boots)
Stlth   +.........              (no amulet)
HPRegen 0.10/turn               g - ring of resist corrosion
MPRegen 0.08/turn               (no ring)

@: no status effects
A: no striking features
a: no special abilities


You were on level 2 of the Dungeon.
You visited 1 branch of the dungeon, and saw 2 of its levels.

You collected 64 gold pieces.

Inventory:

Hand Weapons
 a - a +1 hand crossbow
 b - a +0 short sword (weapon)
Missiles
 d - a bolt
Armour
 c - a +0 leather armour
 f - a +0 leather armour of fire resistance (worn)
Jewellery
 g - a ring of resist corrosion (left hand)


   Skills:
 + Level 2.8 Fighting
 + Level 4.3 Crossbows
 + Level 0.8 Armour
 + Level 1.7 Dodging
 + Level 0.8 Stealth


You had 2 spell levels left.
You didn't know any spells.
Your spell library was empty.

Dungeon Overview and Level Annotations

Branches:
Dungeon (2/15)

Altars:

Shops:
D:2 =:

Annotations:
D:2 Robin


Message History

Aim: a goblin, wielding a +0 dagger (strong, 59% to hit)
You shoot a bolt. The bolt barely misses the goblin.
An adder comes into view.
The goblin hits you with a +0 dagger.
A goblin comes into view. It is wielding a +0 dagger.
The goblin hits you but does no damage. The goblin hits you with a +0 dagger.
b - a +0 short sword (weapon)
The adder hisses angrily.
A goblin comes into view. It is wielding a +0 dagger.
You hit the goblin.
You kill the goblin!
The goblin hits you with a +0 dagger. The goblin barely misses you.
A goblin comes into view. It is wielding a +0 dagger.
The goblin unwields a +0 dagger.
The goblin wields a +0 hunting sling.
The goblin shoots a stone.
The stone hits you.
Found a scroll labelled HUTSIT WITIESA.
Found Ribletei's Jewellery Shop.
A goblin comes into view. It is wielding a +0 club.
The goblin hits you with a +0 dagger. The goblin hits you with a +0 club.
The goblin unwields a +0 hunting sling.
The goblin wields a +0 dagger.
The goblin completely misses you.
You see here a +0 dagger.
The goblin hits you with a +0 dagger. The goblin completely misses you.
Something hits you. The goblin misses you. The goblin closely misses you.
Something hits you.
* * * LOW HITPOINT WARNING * * *
You see here a +0 dagger.
The goblin shouts!
You hit the adder but do no damage.
You hear a shout!
The goblin closely misses you. The rat barely misses you.
The goblin hits you with a +0 dagger.
* * * LOW HITPOINT WARNING * * *
The adder barely misses you. The goblin barely misses you.
Something hits you but does no damage. The goblin hits you with a +0 dagger.
* * * LOW HITPOINT WARNING * * *
You hit the adder.
The adder is moderately wounded.
The adder misses you. The rat barely misses you. The goblin misses you.
The goblin closely misses you. Something hits you.
You die...

#........
#.............?#
#......... .....
#........ ......
##.......# ......
##...# #.###......
###....###..(.......
#.<....)...g........
#..#.......g@rg......
..........#.##Sg.######
#.###.##....#...{g..#
#. ####.###.g.g.... ..
....∩......(.. #.
.#..).#.∩..(... #. ##
.#.##(.....## .##.
#.(#.#.#


You could see an adder, 7 goblins and a rat.

Vanquished Creatures
  A dart slug (D:1)
  3 ball pythons (D:1)
  A bat (D:1)
  4 endoplasms
  3 giant cockroaches (D:1)
  A hobgoblin (D:2)
  2 jackals (D:1)
  2 kobolds (D:1)
  2 quokkas (D:1)
  5 frilled lizards (D:1)
  7 goblins
  3 rats (D:1)
34 creatures vanquished.

Notes
Turn   | Place    | Note
-------+----------+-------------------------------------------
     0 | D:1      | Romesagentofchaos the Hill Orc Hunter began the quest for
                  | the Orb.
     0 | D:1      | Reached XP level 1. HP: 18/18 MP: 1/1
   154 | D:1      | Reached XP level 2. HP: 25/25 MP: 2/2
   179 | D:1      | Reached skill level 4 in Crossbows
   343 | D:1      | Reached XP level 3. HP: 23/30 MP: 3/3
   609 | D:1      | Found a faded altar of an unknown god.
   788 | D:2      | Found Weoniam's Book Shoppe.
   792 | D:2      | Noticed Robin
   800 | D:2      | Found Ribletei's Jewellery Shop.
   804 | D:2      | Slain by Robin

Illustrated notes

Levels and vault maps discovered:
D:1:      nagdon_arrival_double_spiral, layout_rooms,
          shapermc_ecumenical_altar_mp_vishouse
D:2:      layout_rooms, basic_altar, serial_curves, eino_curves_03,
          eino_curves_03, serial_shops, shop, nicolae_square_shop,
          nicolae_shop_trees, shop, hangedman_abyss_or_decor_stabs,
          grunt_decor_mini_mirrors, minmay_tall_x, uniq_robin

Skill      XL: |  1  2 |
---------------+-------+-----
Crossbows      | 4 |  4.3
Fighting       | |  2.8
Armour         | |  0.8
Dodging        | |  1.7
Stealth        | |  0.8

Action                   || total
-------------------------++-------
Melee: Short sword       ||     3
 Fire: Hand crossbow     ||    64
  Use: Scroll            ||     1
       Potion            ||     1
Armor: Leather armour    ||     6
Dodge: Dodged            ||    23
